cohdb
Replays
Latest Replays
All Replays
Popular Replays
Top Player Replays
Match Explorer
How It Works
Community
CoH3 Stats
Reddit
Sign in to upload your games and track your stats! →
Sign in with Steam
Match 40812511
Unlisted
Match 40812511
Overview
Messages
Build Orders
End
Panzergrenadier Squad
250 Light Carrier
Panzergrenadier Squad
Panzergrenadier Squad
Construct Light Support Kompanie
Fire Support Elements
Flakvierling Half-track
Pak 38 Mechanized Group
2.5-tonne Medical Truck
Vehicle Survival Package
Combat Half-tracks
Construct Panzerarmee Kommand
Panzer III L Medium Tank
Selects Armored Support Battlegroup
Selects Salvage Kits
Selects Panzer Storm
Selects Stuka Dive Bomb
Stuka Dive Bomb
Panzer III L Medium Tank
Emergency Repair Kits
Stuka Dive Bomb
Armored Reserves
Walking Stuka Rocket Launcher
ARF Le Gendarme
Konrad Curze
Lord Curzon
CPU - Easy
STALKER4732
ezh
Herr Heinler
Rodey
0
0
Comments
sign in to comment!
No comments posted yet!